 Dungeon Crawl Stone Soup version 0.32-a0-485-g70f7560b1c (webtiles) character file.

Game seed: 4043611497063920541

121687 jasper the Warrior (level 15, -5/152 HPs)
             Began as a Mountain Dwarf Fighter on Feb 26, 2024.
             Was the Champion of Jiyva.
             Slain by a merfolk impaler
             ... wielding a +3 trident of chaos
              (8 damage)
             ... on level 1 of the Shoals.
             The game lasted 00:39:35 (19478 turns).

jasper the Warrior (Mountain Dwarf Fighter)        Turns: 19478, Time: 00:39:36

Health: -5/152     AC: 20    Str: 22    XL:     15   Next: 75%
Magic:  12/16      EV: 16    Int: 18    God:    Jiyva [******]
Gold:   1926       SH:  8    Dex: 12    Spells: 14/14 levels left

rFire   + + .        c - +4 war axe
rCold   . . .        H - +0 buckler
rNeg    . . .        R - +9 ring mail of Coih {rF+ rCorr Int+6 Stlth+}
rPois   .            (helmet restricted)
rElec   .            a - +2 cloak "Ulouha" {rF+ Str-4 Int+3 Dex+3}
rCorr   +            (no gloves)
SInv    .            I - +0 pair of boots
Will    ++...        o - amulet of Ihudghooth {Will+ Regen+ Slay+2 Stlth+}
Stlth   ++++         x - ring of flight
HPRegen 2.85/turn    w - +5 ring of evasion
MPRegen 0.95/turn

%: no passive effects
@: mighty, lethally poisoned (-5 -> -7), weakened, flying, hasted, constricted,
very quick
A: runic magic, artefact enchanting, beak, talons 1, large bone plates 1, high
MP 1, pseudopods 3, translucent skin 3, jelly sensing items
}: 1/15 runes: slimy
a: Renounce Religion, Oozemancy, Slimify


You were on level 1 of the Shoals.
You worshipped Jiyva.
Jiyva was exalted by your worship.
You visited 5 branches of the dungeon, and saw 28 of its levels.
You also visited: Sewer, Gauntlet and Ice Cave.

You collected 1926 gold pieces.

Inventory:

Hand Weapons
 c - a +4 war axe (weapon)
 h - a +0 battleaxe
 t - a +0 broad axe
 P - the +6 eveningstar "Galewaan" {spect, Will+ Int+2}
   (You found it on level 5 of the Pits of Slime)

   Int+2:     It affects your intelligence (+2).
   Will+:     It increases your willpower.
Missiles
 p - 2 curare-tipped darts
 q - 11 boomerangs
 r - a throwing net
 S - 11 javelins
Armour
 a - the +2 cloak "Ulouha" (worn) {rF+ Str-4 Int+3 Dex+3}
   (You found it on level 5 of the Pits of Slime)

   Str-4:     It affects your strength (-4).
   Int+3:     It affects your intelligence (+3).
   Dex+3:     It affects your dexterity (+3).
   rF+:       It protects you from fire.
 j - a +2 helmet
 n - a +0 kite shield of cold resistance
 H - a +0 buckler (worn)
 I - a +0 pair of boots (worn)
 R - the +9 ring mail of Coih (worn) {rF+ rCorr Int+6 Stlth+}
   (You found it in a Gauntlet)

   Int+6:     It affects your intelligence (+6).
   rF+:       It protects you from fire.
   rCorr:     It protects you from acid and corrosion.
   Stlth+:    It makes you more stealthy.
Jewellery
 f - a ring of protection from fire
 g - the amulet "Ahositt" {Reflect +Blink Fly Will+ SH+5}
   (You found it in a Gauntlet)

   [amulet of reflection]

   Reflect:   It reflects blocked missile attacks.
   Will+:     It increases your willpower.
   Fly:       It grants you flight.
   +Blink:    It lets you blink.
   SH+5:      It affects your SH (+5).
 o - the amulet of Ihudghooth (around neck) {Will+ Regen+ Slay+2 Stlth+}
   (You found it on level 3 of the Lair of Beasts)

   [amulet of regeneration]

   Slay+2:    It affects your accuracy & damage with ranged weapons and melee
   (+2).
   Will+:     It increases your willpower.
   Regen+:    It increases your rate of health regeneration.
   Stlth+:    It makes you more stealthy.
 w - a +5 ring of evasion (right hand)
 x - a ring of flight (left hand)
 B - a ring of protection from fire
 L - a ring of protection from cold
 Q - the ring of Laqun {Fire rN++ MP+9}
   (You found it in a Gauntlet)

   [ring of fire]

   Fire:      It enhances your fire magic.
   rF+:       It protects you from fire.
   rC-:       It makes you vulnerable to cold.
   rN++:      It greatly protects you from negative energy.
   MP+9:      It affects your magic capacity (+9).
 W - the amulet of the Coward {Acrobat MP+9 Str+6}
   (You found it in a Gauntlet)

   [amulet of the acrobat]

   Acrobat:   It increases your evasion while moving and waiting.
   Str+6:     It affects your strength (+6).
   MP+9:      It affects your magic capacity (+9).
Wands
 u - a wand of flame (11)
 D - a wand of iceblast (11)
 K - a wand of paralysis (26)
 O - a wand of mindburst (19)
 U - a wand of acid (8)
 V - a wand of digging (5)
 Y - a wand of polymorph (8)
Scrolls
 b - 2 scrolls of teleportation
 s - 2 scrolls of fog
 y - 4 scrolls of vulnerability
 z - a scroll of revelation
 F - a scroll of immolation
 G - 3 scrolls of amnesia
 M - a scroll of fear
 N - 2 scrolls of torment
 T - a scroll of enchant weapon
 X - a scroll of identify
Potions
 d - a potion of resistance
 k - 2 potions of attraction
 l - 2 potions of cancellation
 m - 3 potions of enlightenment
 v - a potion of might
 A - 3 potions of degeneration
 C - a potion of haste
 E - 5 potions of curing
 J - a potion of ambrosia
 Z - a potion of berserk rage
Miscellaneous
 e - a box of beasts


   Skills:
 + Level 19.2 Fighting
 - Level 16.0 Axes
 - Level 17.0 Armour
 - Level 8.0 Dodging
 - Level 3.2 Shields


You had 14 spell levels left.
You didn't know any spells.
Your spell library contained the following spells:

 Spells                   Type           Power      Damage    Failure   Level
 Apportation              Tloc           0%         N/A       28%         1
 Magic Dart               Conj           0%         1d3       28%         1
 Ensorcelled Hibernation  Hex/Ice        0%         N/A       41%         2
 Jinxbite                 Hex            0%         N/A       41%         2
 Searing Ray              Conj           0%         2d4       41%         2
 Static Discharge         Conj/Air       0%         3-3/arc   41%         2
 Call Canine Familiar     Summ           0%         N/A       65%         3
 Fugue of the Fallen      Necr           0%         N/A       65%         3
 Hailstorm                Conj/Ice       0%         3d5       65%         3
 Ozocubu's Armour         Ice            0%         N/A       65%         3
 Passwall                 Erth           0%         N/A       65%         3
 Sigil of Binding         Hex            0%         N/A       65%         3
 Summon Ice Beast         Ice/Summ       0%         N/A       65%         3
 Swiftness                Air            0%         N/A       65%         3
 Airstrike                Air            0%         2d(0-16)  96%         4
 Dimensional Bullseye     Hex/Tloc       0%         N/A       96%         4
 Fulminant Prism          Conj/Alch      0%         3d5       96%         4
 Manifold Assault         Tloc           0%         N/A       96%         4
 Summon Lightning Spire   Summ/Air       0%         N/A       96%         4
 Alistair's Intoxication  Alch           0%         N/A       100%        5
 Sculpt Simulacrum        Ice/Alch       0%         N/A       100%        6


Dungeon Overview and Level Annotations

Branches:
Dungeon (15/15)            Temple (0/1) D:5            Lair (5/5) D:9
 Shoals (1/4) Lair:2       Spider (0/4) Lair:2        Slime (5/5) Lair:4
    Orc (2/2) D:12            Elf (0/3) Orc:2        Vaults (0/5) D:13
 Depths (0/4) D:15          Sewer (visited)           IceCv (visited)
Gauntlet (visited)

Altars:
Dithmenos
Fedhas
Gozag
Kikubaaqudgha
Makhleb
Okawaru
Qazlal
Sif Muna
Trog
Uskayaw
Vehumet
Wu Jian
Yredelemnul
Zin
The Shining One
Beogh
Jiyva

Shops:
D:1 [   Orc:1 *   Orc:2 (:::

Annotations:
Lair:3 3 runed translucent doors, Pokonic1's ghost, journeyman TrSh; jamsaran's ghost, journeyman DgAl
Slime:5 Royal Jelly


Innate Abilities, Weirdness & Mutations

Your spellcasting is much less encumbered by armour.
You can use scrolls of enchantment on lesser artefacts.
You have a beak for a mouth.
You have sharp toenails.
You are partially covered in large bone plates. (SH +4)
You have an increased reservoir of magic. (+10% MP)
Armour fits poorly on your massive pseudopods.
Your transparent skin significantly reduces your foes' accuracy. (Stealth+)
You have a small jelly attached to you that senses nearby items.


Message History

You block the tentacled monstrosity's attack.
The tentacled monstrosity tentacle-slaps you but does no damage.
The tentacled monstrosity tentacle-slaps you.
* * * LOW HITPOINT WARNING * * *
The tentacled monstrosity grabs you.
The tentacled monstrosity constricts you!
* * * LOW HITPOINT WARNING * * *
You take 11 damage, and have 25/152 hp.
You feel much better.
You feel sick.
The merfolk impaler hits you but does no damage.
The merfolk impaler hits you from afar with a +1 trident of chaos!
* * * LOW HITPOINT WARNING * * *
You are more poisoned.
The merfolk impaler hits you with a +3 trident of chaos!!
* * * LOW HITPOINT WARNING * * *
The merfolk impaler freezes you.
* * * LOW HITPOINT WARNING * * *
You take 8 damage, and have 17/152 hp.
You closely miss the merfolk impaler. You peck the merfolk impaler.
You bludgeon the merfolk impaler!
The merfolk impaler is moderately wounded.
You slash the tentacled monstrosity!
You feel sick.
You block the merfolk impaler's attack. x2
The tentacled monstrosity tentacle-slaps you!
* * * LOW HITPOINT WARNING * * *
The tentacled monstrosity tentacle-slaps you but does no damage.
The tentacled monstrosity misses you.
The tentacled monstrosity constricts you.
* * * LOW HITPOINT WARNING * * *
You take 15 damage, and have 2/152 hp.
You feel much better.
You feel very sick.
The merfolk impaler hits you with a +3 trident of chaos.
* * * LOW HITPOINT WARNING * * *
You block the merfolk impaler's attack.
The merfolk impaler hits you from afar with a +2 trident of chaos!
* * * LOW HITPOINT WARNING * * *
The merfolk impaler hits you with a +3 trident of chaos!
You die...
Jiyva sends a jelly to digest your remains.

##########
≈≈≈≈≈≈≈≈#
#≈≈≈≈≈≈#
######≈≈≈≈≈#
##~m~@##≈≈≈≈#
#~~mmX~##≈≈≈#
#~~~#~m#~~#~≈≈#
#~~ #~.##†~##≈#
# #~~. #~~#≈≈#
#~:. #~~##≈#
##>ß #~~##≈#
####~~##≈≈#
~~~~##≈≈≈#


You could see a tentacled monstrosity and 4 merfolk impalers.

Vanquished Creatures
  A kraken (Shoals:1)
  Gastronok (D:8)
  Kirke (Lair:5)
  An ironbound preserver (D:13)
  An orc warlord (Orc:1)
  2 dire elephants
  Josephine (Lair:4)
  An entropy weaver (D:13)
  4 catoblepae (Lair:5)
  2 hydras
  An ogre mage (D:15)
  8 two-headed ogres
  5 centaur warriors
  A boulder beetle (D:12)
  A merfolk avatar (Shoals:1)
  12 death yaks
  Urug (Lair:5)
  5 orc high priests (Orc:2)
  3 sea snakes
  A lightning spire (Gauntlet)
  6 orc knights (Orc:2)
  A wolf spider (D:15)
  An orc sorcerer (Orc:1)
  A deep elf pyromancer (D:14)
  3 oklob plants
  5 cyclopes
  7 manticores
  An ugly thing (D:13)
  2 kobold blastminers (Orc:1)
  Joseph (D:8)
  An apocalypse crab (Shoals:1)
  6 meliai (D:15)
  3 ice statues (IceCv)
  6 black mambas
  16 elephants
  2 gargoyles
  12 cane toads
  3 kobold demonologists
  An unseen horror (D:13)
  3 rime drakes
  2 freezing wraiths
  An efreet (D:14)
  10 komodo dragons
  5 harpy zombies (Shoals:1)
  7 merfolk
  4 trolls
  A wind drake (Shoals:1)
  2 polar bears (Lair:5)
  A raiju (Gauntlet)
  8 dream sheep
  9 blink frogs
  A vampire (D:12)
  Sigmund (D:2)
  A water elemental (Shoals:1)
  2 wyverns
  45 yaks
  A shadow (D:11)
  6 wraiths
  6 hogs (Lair:5)
  12 wargs
  5 basilisks
  2 vampire mosquitoes (D:11)
  2 steam dragons (D:7)
  Menkaure (D:5)
  2 death yak simulacra (IceCv)
  A harpy simulacrum (IceCv)
  16 water moccasins
  An acid dragon (Gauntlet)
  2 hydra simulacra (IceCv)
  28 orc warriors
  3 sky beasts
  2 ice beasts
  2 black bears
  9 ogres
  3 centaurs
  A phantom (D:7)
  25 wolves
  9 kobold brigands
  11 bullfrogs
  A gnoll sergeant (D:8)
  A cane toad simulacrum (IceCv)
  Dowan (D:5)
  An elephant simulacrum (IceCv)
  17 killer bees
  6 howler monkeys
  3 hounds
  2 bombardier beetles
  27 orc priests
  2 gnoll boudas
  3 sleepcaps
  Jessica (D:2)
  Natasha (thrice) (D:3)
  An iguana (D:6)
  25 orc wizards
  A polar bear simulacrum (IceCv)
  A wolf simulacrum (IceCv)
  2 human simulacra (D:7)
  12 gnolls
  14 adders
  3 river rats (Sewer)
  2 shadow imps
  A white imp (D:6)
  2 ufetubi (D:6)
  3 dart slugs
  2 ribbon worms (Sewer)
  68 orcs
  3 ball pythons
  An endoplasm (D:1)
  6 giant cockroaches (D:4)
  4 goblins
  7 hobgoblins
  13 jackals
  2 quokkas (D:4)
  A bat (D:2)
  23 kobolds
  3 rats
652 creatures vanquished.

Vanquished Creatures (collateral kills)
  A tengu reaver (D:11)
  A minotaur (Gauntlet)
  A war gargoyle (D:12)
  A centaur simulacrum (D:11)
  Duvessa (D:5)
  A scorpion (D:5)
  2 gnoll sergeants
  2 gnolls (D:8)
10 creatures vanquished.

Vanquished Creatures (others)
  A great orb of eyes (Shoals:1)
  A hydra (D:15)
  A centaur warrior (D:14)
  A death yak (Lair:3)
  An ugly thing (IceCv)
  A rust devil (D:10)
  An efreet (D:14)
  4 slime creatures
  A wraith (D:12)
  A wyvern (Lair:3)
  An orc warrior (D:12)
  A wolf (Lair:5)
  A centaur (D:15)
  2 kobold brigands (D:10)
  4 killer bees (D:10)
  2 howler monkeys (D:8)
  A bombardier beetle (D:7)
  78 jellies
  5 orc priests
  Terence (D:2)
  5 orc wizards
  A gnoll (D:4)
  4 adders
  A river rat (Sewer)
  2 ribbon worms
  2 dart slugs
  21 orcs
  3 endoplasms
  A hobgoblin (D:2)
  A jackal (D:3)
  A quokka (D:2)
  2 ball pythons
  A bat (D:3)
  A frilled lizard (D:1)
  7 kobolds
  3 rats
  2 tentacles (Shoals:1)
167 creatures vanquished.

Grand Total: 829 creatures vanquished

Notes
Turn   | Place    | Note
-------+----------+-------------------------------------------
     0 | D:1      | jasper the Mountain Dwarf Fighter began the quest for the
                  | Orb.
     0 | D:1      | Reached XP level 1. HP: 19/19 MP: 1/1
    21 | D:1      | Reached XP level 2. HP: 26/26 MP: 2/2
   103 | D:1      | Found a faded altar of an unknown god.
   214 | D:1      | Prayed at the altar of an unknown god.
   214 | D:1      | Became a worshipper of Jiyva Jaiheggo the Shapeless
   214 | D:1      | Reached * piety under Jiyva
   291 | D:1      | Found Nenkaha's Antique Armour Shoppe.
   534 | D:1      | Reached ** piety under Jiyva
   777 | D:2      | Found an ancient bone altar of Kikubaaqudgha.
   795 | D:2      | Noticed Sigmund
   813 | D:2      | Killed Sigmund
   814 | D:2      | Reached XP level 3. HP: 25/31 MP: 3/3
   814 | D:2      | Reached XP level 4. HP: 31/38 MP: 4/4
   814 | D:2      | Reached XP level 5. HP: 36/45 MP: 5/5
   858 | D:2      | Killed Terence
   880 | D:2      | Noticed Jessica
   885 | D:2      | Killed Jessica
   911 | D:2      | Identified the +5 flail "Xixae" {spect, rC+ rCorr}
  1573 | D:3      | Reached *** piety under Jiyva
  1614 | D:3      | Gained mutation: Armour fits poorly on your pseudopods.
                  | [Jiyva's grace]
  1614 | D:3      | Gained mutation: Armour fits poorly on your large
                  | pseudopods. [Jiyva's grace]
  1614 | D:3      | Gained mutation: Armour fits poorly on your massive
                  | pseudopods. [Jiyva's grace]
  1614 | D:3      | Gained mutation: You have a small jelly attached to you
                  | that may absorb projectiles. [Jiyva's grace]
  1799 | D:3      | Noticed Natasha
  1804 | D:3      | Killed Natasha
  1805 | D:3      | Reached XP level 6. HP: 45/51 MP: 6/6
  1826 | D:3      | Noticed Natasha
  1838 | D:3      | Killed Natasha
  1840 | D:3      | Noticed Natasha
  1857 | D:3      | Killed Natasha
  2042 | D:3      | Found a basalt altar of Yredelemnul.
  2255 | D:4      | Reached **** piety under Jiyva
  2289 | D:4      | Found a glowing drain.
  2307 | Sewer    | Entered a sewer
  2417 | Sewer    | Reached XP level 7. HP: 57/57 MP: 7/7
  2673 | Sewer    | Reached skill level 10 in Axes
  2914 | D:4      | Found an opulent altar of Gozag.
  3306 | D:4      | Reached ***** piety under Jiyva
  3426 | D:5      | Entered Level 5 of the Dungeon
  3563 | D:5      | Noticed Dowan
  3575 | D:5      | Killed Dowan
  3576 | D:5      | Reached XP level 8. HP: 63/63 MP: 8/8
  3637 | D:5      | Lost mutation: Armour fits poorly on your massive
                  | pseudopods. [Jiyva's grace]
  3637 | D:5      | Gained mutation: You are partially covered in large bone
                  | plates. (SH +4) [Jiyva's grace]
  3637 | D:5      | Gained mutation: You are mostly covered in large bone
                  | plates. (SH +6) [Jiyva's grace]
  3637 | D:5      | Gained mutation: You are completely covered in large bone
                  | plates. (SH +8) [Jiyva's grace]
  3637 | D:5      | Gained mutation: You have a small jelly attached to you
                  | that senses nearby items. [Jiyva's grace]
  3641 | D:5      | Noticed Duvessa
  3650 | D:5      | Killed Duvessa
  3682 | D:5      | Noticed Menkaure
  3689 | D:5      | Killed Menkaure
  3724 | D:5      | Found a staircase to the Ecumenical Temple.
  3848 | D:5      | Found an ancient bone altar of Kikubaaqudgha.
  3849 | D:5      | Found an iron altar of Okawaru.
  4175 | D:6      | Found a hide-covered altar of Uskayaw.
  4282 | D:6      | Identified the +1 falchion of Uskayaw's Regard {freeze, rN+
                  | Dex+4 Stlth-}
  4333 | D:6      | Reached skill level 4 in Fighting
  4599 | D:6      | Found a glowing silver altar of Zin.
  4794 | D:6      | Reached XP level 9. HP: 62/71 MP: 9/9
  4942 | D:7      | Found a stormy altar of Qazlal.
  4943 | D:7      | Reached ****** piety under Jiyva
  4943 | D:7      | Lost mutation: You are completely covered in large bone
                  | plates. (SH +8) [Jiyva's grace]
  4943 | D:7      | Lost mutation: You are mostly covered in large bone plates.
                  | (SH +6) [Jiyva's grace]
  4943 | D:7      | Lost mutation: Armour fits poorly on your large pseudopods.
                  | [Jiyva's grace]
  4943 | D:7      | Lost mutation: You have a small jelly attached to you that
                  | may absorb projectiles. [Jiyva's grace]
  4943 | D:7      | Gained mutation: Your body has grown eyes which may confuse
                  | attackers. (Acc +3) [Jiyva's grace]
  4943 | D:7      | Gained mutation: Your body has grown many eyes which may
                  | confuse attackers. (Acc +5) [Jiyva's grace]
  4943 | D:7      | Gained mutation: Your body is covered in eyes which may
                  | confuse attackers. (Acc +7, SInv) [Jiyva's grace]
  4943 | D:7      | Gained mutation: Your muscles are strong. (Str +4, Int/Dex
                  | -1) [Jiyva's grace]
  5296 | D:7      | Found a radiant altar of Vehumet.
  5489 | D:7      | Reached skill level 5 in Fighting
  5489 | D:7      | Reached skill level 5 in Armour
  5612 | D:7      | Found a glowing golden altar of the Shining One.
  6092 | D:8      | Noticed a komodo dragon
  6100 | D:8      | Killed a komodo dragon
  6175 | D:8      | Identified the +6 short sword of Idiargh {freeze, rElec
                  | Str+3 Dex+2}
  6212 | D:8      | Noticed Gastronok
  6244 | D:8      | Killed Gastronok
  6245 | D:8      | Reached skill level 6 in Fighting
  6245 | D:8      | Reached skill level 15 in Axes
  6245 | D:8      | Reached XP level 10. HP: 63/84 MP: 10/10
  6360 | D:8      | Found a shimmering blue altar of Sif Muna.
  6552 | D:8      | Found a shadowy altar of Dithmenos.
  6774 | D:8      | Noticed Joseph
  6779 | D:8      | Paralysed by Joseph for 5 turns
  6793 | D:8      | Killed Joseph
  7098 | D:9      | Lost mutation: Your body is covered in eyes which may
                  | confuse attackers. (Acc +7, SInv) [Jiyva's grace]
  7098 | D:9      | Lost mutation: Armour fits poorly on your pseudopods.
                  | [Jiyva's grace]
  7098 | D:9      | Gained mutation: You have a somewhat thin skeletal
                  | structure. (Dex +2, Stealth+) [Jiyva's grace]
  7098 | D:9      | Gained mutation: You have a moderately thin skeletal
                  | structure. (Dex +4, Stealth++) [Jiyva's grace]
  7098 | D:9      | Gained mutation: You have an unnaturally thin skeletal
                  | structure. (Dex +6, Stealth+++) [Jiyva's grace]
  7098 | D:9      | Gained mutation: Your flesh is cold resistant. (rC+)
                  | [Jiyva's grace]
  7122 | D:9      | Found a blossoming altar of Fedhas.
  7177 | D:9      | Reached skill level 7 in Fighting
  7285 | D:9      | Found a staircase to the Lair.
  7285 | D:9      | Noticed an elephant
  7309 | D:9      | Killed an elephant
  7530 | D:10     | Entered Level 10 of the Dungeon
  7555 | D:10     | Noticed a gargoyle
  7555 | D:10     | Noticed a two-headed ogre
  7567 | D:10     | Killed a two-headed ogre
  7568 | D:10     | Reached skill level 8 in Fighting
  7588 | D:10     | Killed a gargoyle
  7606 | D:10     | Found an ornate altar of the Wu Jian Council.
  7899 | D:10     | Killed a rust devil
  7916 | D:10     | Found a burning altar of Makhleb.
  7927 | D:10     | Noticed an orange demon
  7956 | D:10     | Reached XP level 11. HP: 87/95 MP: 11/11
  8026 | D:10     | Reached skill level 9 in Fighting
  8555 | D:11     | Noticed a tengu reaver
  8555 | D:11     | Noticed a thermic dynamo
  8555 | D:11     | Noticed a war gargoyle
  8564 | D:11     | Noticed a two-headed ogre
  8583 | D:11     | Killed a tengu reaver
  8584 | D:11     | Reached skill level 10 in Fighting
  8584 | D:11     | Reached skill level 10 in Armour
  8605 | D:12     | Killed a war gargoyle
  8821 | D:12     | Lost mutation: You have an unnaturally thin skeletal
                  | structure. (Dex +6, Stealth+++) [Jiyva's grace]
  8821 | D:12     | Lost mutation: Your body has grown many eyes which may
                  | confuse attackers. (Acc +5) [Jiyva's grace]
  8821 | D:12     | Gained mutation: Your translucent skin slightly reduces
                  | your foes' accuracy. (Stealth+) [Jiyva's grace]
  8821 | D:12     | Gained mutation: Your translucent skin reduces your foes'
                  | accuracy. (Stealth+) [Jiyva's grace]
  8821 | D:12     | Gained mutation: Your transparent skin significantly
                  | reduces your foes' accuracy. (Stealth+) [Jiyva's grace]
  8821 | D:12     | Lost mutation: Your transparent skin significantly reduces
                  | your foes' accuracy. (Stealth+) [Jiyva's grace]
  8821 | D:12     | Lost mutation: Your translucent skin reduces your foes'
                  | accuracy. (Stealth+) [Jiyva's grace]
  8821 | D:12     | Lost mutation: Your translucent skin slightly reduces your
                  | foes' accuracy. (Stealth+) [Jiyva's grace]
  8821 | D:12     | Gained mutation: Your skin changes colour to match your
                  | surroundings (Stealth+). [Jiyva's grace]
  8896 | Lair:1   | Entered Level 1 of the Lair of Beasts
  8896 | Lair:1   | Found a gate leading to a gauntlet.
  8911 | Lair:1   | Reached skill level 11 in Fighting
  8921 | Gauntlet | Entered a Gauntlet
  8921 | Gauntlet | Found a transporter.
  8921 | Gauntlet | Found a transporter.
  8934 | Gauntlet | Found a transporter.
  8934 | Gauntlet | Found a transporter.
  8934 | Gauntlet | Found a transporter.
  8934 | Gauntlet | Found a transporter.
  8937 | Gauntlet | Noticed an oklob plant
  8944 | Gauntlet | Found a transporter.
  8948 | Gauntlet | Found a transporter.
  8948 | Gauntlet | Noticed a dire elephant
  8957 | Gauntlet | Noticed a lightning spire
  8958 | Gauntlet | Found a transporter.
  9063 | Gauntlet | Found a transporter.
  9063 | Gauntlet | Found a transporter.
  9073 | Gauntlet | Found a transporter.
  9183 | Gauntlet | Killed an oklob plant
  9234 | Gauntlet | Identified the ring of Laqun {Fire rN++ MP+9}
  9256 | Gauntlet | Killed a dire elephant
  9257 | Gauntlet | Reached skill level 12 in Fighting
  9323 | Gauntlet | Killed a lightning spire
  9324 | Gauntlet | Reached XP level 12. HP: 60/113 MP: 8/12
  9352 | Gauntlet | Identified the amulet "Ahositt" {Reflect +Blink Fly Will+
                  | SH+5}
  9355 | Gauntlet | Identified the +9 ring mail of Coih {rF+ rCorr Int+6
                  | Stlth+}
  9379 | Gauntlet | Noticed a minotaur
  9397 | Gauntlet | Killed a minotaur
  9398 | Gauntlet | Reached skill level 13 in Fighting
  9404 | Gauntlet | Identified the amulet of the Coward {Acrobat MP+9 Str+6}
  9593 | Lair:1   | Reached skill level 14 in Fighting
  9955 | Lair:1   | Lost mutation: You have a moderately thin skeletal
                  | structure. (Dex +4, Stealth++) [Jiyva's grace]
  9955 | Lair:1   | Lost mutation: You have a somewhat thin skeletal structure.
                  | (Dex +2, Stealth+) [Jiyva's grace]
  9955 | Lair:1   | Gained mutation: You are partially covered in iridescent
                  | scales. (AC +2) [Jiyva's grace]
  9955 | Lair:1   | Gained mutation: You are mostly covered in iridescent
                  | scales. (AC +4) [Jiyva's grace]
  9955 | Lair:1   | Gained mutation: You are completely covered in iridescent
                  | scales. (AC +6) [Jiyva's grace]
  9955 | Lair:1   | Gained mutation: You have a small jelly attached to you
                  | that may absorb projectiles. [Jiyva's grace]
 10032 | Lair:1   | Reached skill level 15 in Fighting
 10447 | Lair:2   | Found a hole to the Spider Nest.
 10816 | Lair:2   | Found a staircase to the Shoals.
 10911 | Lair:2   | Lost mutation: You are completely covered in iridescent
                  | scales. (AC +6) [Jiyva's grace]
 10911 | Lair:2   | Lost mutation: Your flesh is cold resistant. (rC+) [Jiyva's
                  | grace]
 10911 | Lair:2   | Lost mutation: Your muscles are strong. (Str +4, Int/Dex
                  | -1) [Jiyva's grace]
 10911 | Lair:2   | Lost mutation: Your body has grown eyes which may confuse
                  | attackers. (Acc +3) [Jiyva's grace]
 10911 | Lair:2   | Lost mutation: You have a small jelly attached to you that
                  | may absorb projectiles. [Jiyva's grace]
 10911 | Lair:2   | Gained mutation: Armour fits poorly on your pseudopods.
                  | [Jiyva's grace]
 10911 | Lair:2   | Gained mutation: Armour fits poorly on your large
                  | pseudopods. [Jiyva's grace]
 10911 | Lair:2   | Gained mutation: Armour fits poorly on your massive
                  | pseudopods. [Jiyva's grace]
 10911 | Lair:2   | Gained mutation: You have sharp fingernails. [Jiyva's
                  | grace]
 11098 | Lair:3   | Reached XP level 13. HP: 49/126 MP: 13/13
 11460 | Lair:3   | Found a runed translucent gate.
 11461 | Lair:3   | Found a runed translucent gate.
 11461 | Lair:3   | Noticed jamsaran's ghost (journeyman DgAl)
 11462 | Lair:3   | Found a runed translucent gate.
 11515 | Lair:3   | Noticed Pokonic1's ghost (journeyman TrSh)
 11886 | Lair:3   | Identified the amulet of Ihudghooth {Will+ Regen+ Slay+2
                  | Stlth+}
 12063 | Lair:4   | Noticed Josephine
 12084 | Lair:4   | Killed Josephine
 12096 | Lair:3   | Reached skill level 15 in Armour
 12368 | Lair:4   | Found a staircase to the Slime Pits.
 12380 | Lair:4   | Found a viscous altar of Jiyva.
 12463 | Slime:1  | Entered Level 1 of the Pits of Slime
 12475 | Slime:2  | Noticed an azure jelly
 12485 | Slime:3  | Noticed a quicksilver ooze
 12486 | Slime:3  | Noticed an acid blob
 12496 | Slime:4  | Noticed a quicksilver ooze
 12503 | Slime:5  | Entered Level 5 of the Pits of Slime
 12519 | Slime:5  | Noticed an acid blob
 12583 | Slime:5  | Noticed an acid blob
 12619 | Slime:5  | Noticed a rockslime
 12619 | Slime:5  | Noticed an acid blob
 12621 | Slime:5  | Found a viscous altar of Jiyva.
 12622 | Slime:5  | Noticed an acid blob
 12623 | Slime:5  | Noticed a rockslime
 12625 | Slime:5  | Noticed an acid blob
 12629 | Slime:5  | Identified the +6 eveningstar "Galewaan" {spect, Will+
                  | Int+2}
 12635 | Slime:5  | Got a starry gem with 430 turns to spare
 12639 | Slime:5  | Got a slimy rune of Zot
 12649 | Slime:5  | Noticed an acid blob
 12662 | Slime:5  | Identified the +0 scale mail "Feleph" {rElec Will+ Str+3}
 12667 | Slime:5  | Noticed the Royal Jelly
 12681 | Slime:5  | Noticed a rockslime
 12686 | Slime:5  | Identified the +1 cloak "Ulouha" {rF+ Str-4 Int+3 Dex+3}
 12702 | Slime:5  | Identified the +2 chain mail of Shadows and Fog {rElec
                  | Regen+ Dex+2 Slay-5}
 12742 | Slime:4  | Noticed an acid blob
 12748 | Slime:4  | Noticed a formless jellyfish
 12748 | Slime:4  | Noticed an azure jelly
 12749 | Slime:4  | Noticed a formless jellyfish
 12753 | Slime:4  | Noticed an acid blob
 12762 | Slime:3  | Noticed an acid blob
 12799 | Slime:1  | Noticed an azure jelly
 13224 | Lair:5   | Entered Level 5 of the Lair of Beasts
 13274 | Lair:5   | Lost mutation: Armour fits poorly on your massive
                  | pseudopods. [Jiyva's grace]
 13274 | Lair:5   | Gained mutation: You have sharp toenails. [Jiyva's grace]
 13274 | Lair:5   | Gained mutation: You have razor-sharp toenails. [Jiyva's
                  | grace]
 13274 | Lair:5   | Gained mutation: You have claws for feet. [Jiyva's grace]
 13274 | Lair:5   | Lost mutation: Your skin changes colour to match your
                  | surroundings (Stealth+). [Jiyva's grace]
 13274 | Lair:5   | Gained mutation: Your translucent skin slightly reduces
                  | your foes' accuracy. (Stealth+) [Jiyva's grace]
 13516 | Lair:5   | Reached skill level 1 in Dodging
 13549 | Lair:5   | Reached XP level 14. HP: 122/135 MP: 14/14
 13588 | Lair:5   | Noticed Urug
 13609 | Lair:5   | Killed Urug
 13827 | Lair:5   | Reached skill level 5 in Dodging
 13831 | Lair:5   | Identified the -2 pair of gloves of Tortelloni {Str+4}
 14111 | Lair:5   | Noticed Kirke
 14133 | Lair:5   | Killed Kirke
 14601 | D:12     | Found a staircase to the Orcish Mines.
 14777 | D:12     | Lost mutation: You have claws for feet. [Jiyva's grace]
 14777 | D:12     | Lost mutation: You are mostly covered in iridescent scales.
                  | (AC +4) [Jiyva's grace]
 14777 | D:12     | Lost mutation: Armour fits poorly on your large pseudopods.
                  | [Jiyva's grace]
 14777 | D:12     | Lost mutation: Armour fits poorly on your pseudopods.
                  | [Jiyva's grace]
 14777 | D:12     | Gained mutation: Your translucent skin reduces your foes'
                  | accuracy. (Stealth+) [Jiyva's grace]
 14777 | D:12     | Gained mutation: Your transparent skin significantly
                  | reduces your foes' accuracy. (Stealth+) [Jiyva's grace]
 14777 | D:12     | Gained mutation: You have an increased reservoir of magic.
                  | (+10% MP) [Jiyva's grace]
 14777 | D:12     | Gained mutation: You have a considerably increased
                  | reservoir of magic. (+20% MP) [Jiyva's grace]
 15094 | Orc:1    | Entered Level 1 of the Orcish Mines
 15094 | Orc:1    | Noticed an orc warlord
 15126 | Orc:1    | Killed an orc warlord
 15209 | Orc:1    | Found Aoxeintu's Alliterative Armaments.
 15352 | Orc:1    | Found a radiant altar of Vehumet.
 15548 | Orc:2    | Entered Level 2 of the Orcish Mines
 15662 | Orc:2    | Found Tadesing's Book Boutique.
 15665 | Orc:2    | Gained mutation: You occasionally lose the ability to drink
                  | potions when taking damage. [a neqoxec]
 15929 | Orc:2    | Found a frozen archway.
 15935 | IceCv    | Entered an ice cave
 16168 | IceCv    | Reached skill level 16 in Fighting
 16236 | IceCv    | Reached XP level 15. HP: 144/144 MP: 18/18
 16477 | Orc:2    | Found a staircase to the Elven Halls.
 16715 | Orc:2    | Found Wewkixzad's Book Shop.
 16773 | Orc:2    | Found Vyukkimo's Antique Weapon Boutique.
 16813 | Orc:2    | Found a roughly hewn altar of Beogh.
 16821 | Orc:2    | Found Verchagy's Book Shop.
 17012 | D:13     | Found a gate to the Vaults.
 17421 | D:13     | Lost mutation: You have razor-sharp toenails. [Jiyva's
                  | grace]
 17421 | D:13     | Lost mutation: You have a considerably increased reservoir
                  | of magic. (+20% MP) [Jiyva's grace]
 17421 | D:13     | Lost mutation: You occasionally lose the ability to drink
                  | potions when taking damage. [Jiyva's grace]
 17421 | D:13     | Gained mutation: You have a beak for a mouth. [Jiyva's
                  | grace]
 17421 | D:13     | Gained mutation: Armour fits poorly on your pseudopods.
                  | [Jiyva's grace]
 17421 | D:13     | Gained mutation: Armour fits poorly on your large
                  | pseudopods. [Jiyva's grace]
 17421 | D:13     | Gained mutation: Armour fits poorly on your massive
                  | pseudopods. [Jiyva's grace]
 17564 | D:13     | Reached skill level 17 in Fighting
 17569 | D:13     | Identified the staff of Oozing Pus {rN+ Int+6 Conj Necro}
 17874 | D:14     | Found a bloodstained altar of Trog.
 18075 | D:15     | Entered Level 15 of the Dungeon
 18233 | D:15     | Lost mutation: You are partially covered in iridescent
                  | scales. (AC +2) [potion of mutation]
 18233 | D:15     | Lost mutation: You have sharp fingernails. [potion of
                  | mutation]
 18381 | D:15     | Reached skill level 18 in Fighting
 18401 | D:15     | Found a staircase to the Depths.
 18827 | Shoals:1 | Entered Level 1 of the Shoals
 19310 | Shoals:1 | Reached skill level 19 in Fighting
 19397 | Shoals:1 | Noticed a kraken
 19422 | Shoals:1 | Killed a kraken
 19453 | Shoals:1 | Identified the ring of Mais {rF+ rN+ Str+6 Int-3}
 19457 | Shoals:1 | Noticed a tentacled monstrosity
 19477 | Shoals:1 | HP: 4/152 [tentacled monstrosity (12)]
 19478 | Shoals:1 | Slain by a merfolk impaler

Illustrated notes

Levels and vault maps discovered:
D:1:      dpeg_arrival_arbitrary_b, layout_basic, serial_shops, shop_statue,
          hellmonk_ecumenical_altar_dog_temple, kennysheep_crisscross
D:2:      layout_basic, basic_altar, uniq_sigmund, uniq_terence, uniq_jessica
D:3:      layout_basic, yredelemnul_altar_generic, minmay_misc_feat_iff,
          grunt_ministairs_2, corexii_shack, uniq_natasha
D:4:      layout_basic, grunt_gozag_statues, gup_sewer_entry_pipe, hex_large
D:5:      layout_rooms, gammafunk_temple_overflow_pools,
          minmay_temple_entry_large_hall, serial_park_tiny_1,
          minmay_strange_pillars, kennysheep_donut, uniq_menkaure, uniq_duvessa
D:6:      layout_basic, nicolae_uskayaw_dance_hall, mainiacjoe_overflow_alcove_2
D:7:      layout_loops_ring, nicolae_qazlal_beasts_of_the_sky, tso_altar,
          mainiacjoe_overflow_concentric_impassable, serial_rivers,
          chequers_serial_rivers_large_a, chequers_serial_rivers_micro_e,
          chequers_serial_rivers_micro_d, chequers_serial_rivers_large_b,
          chequers_serial_rivers_micro_a, st_stairs_7, bh_circular_ruins
D:8:      layout_basic, led_sif_pool, nicolae_dithmenos_through_a_glass_darkly,
          nicolae_elevator_lobby_asterisk, uniq_joseph, uniq_gastronok
D:9:      layout_gridville, amcnicky_altar_gilded, david_lair_generic
D:10:     layout_roguey, demons_altar, nicolae_wu_jian_wuxing_cycle
D:11:     minmay_klotski, layout_rooms, serial_corexii_hall,
          chequers_hall_statues_y, corexii_hall_statues_l,
          minmay_misc_feat_roman, kennysheep_generic_room_5
D:12:     wander_river, layout_loops_ring, erik_orc_3, minmay_tree_intersection
D:13:     layout_roguey, hellmonk_vaults_order_and_chaos
D:14:     layout_roguey, bloody_trog, hex_medium
D:15:     hangedman_depths_entry_try_elsewhere_first, layout_rooms, drop_trap
Lair:1:   layout_cave_shapes, gauntlet_entry_generic
Lair:2:   layout_regular_city, elwin_shoals_entry_stream,
          spider_nest_entry_web_field, minmay_holes, minivault_26,
          chequers_serial_rivers_room_b
Lair:3:   layout_hall_layers, gammafunk_ghost_cemetery, minmay_lair_oklob_items
Lair:4:   layout_small_grid, nicolae_slime_entry_field_trip, lemuel_fruit_tree,
          infiniplex_staircase_pool_2, uniq_josephine
Lair:5:   evilmike_catoblepas_cave, layout_gridlike, st_stairs_5,
          grunt_megastairs_2, uniq_kirke, uniq_urug
Shoals:1: dreamdust_from_the_deep, layout_shoals, nicolae_shoals_undead_eyrie
Slime:1:  layout_caves
Slime:2:  cheibrodos_slime_lost_civilization_1, layout_caves
Slime:3:  layout_caves
Slime:4:  layout_caves
Slime:5:  slime_pit_nicolae_block_by_block
Orc:1:    layout_diamond_mine, basic_altar, monkooky_shop_alliterative
Orc:2:    st_orc_town, layout_caves, portal_ice_cave_rime

Skill      XL: |  1  2  3  4  5  6  7  8  9 10 11 12 13 14 15 |
---------------+----------------------------------------------+-----
Axes           | 3 6 7 9 11 13 15 16 | 16.0
Fighting       | 4 6 8 12 15 16 19 | 19.2
Armour         | 4 6 8 10 12 17 | 17.0
Dodging        | 1 8 |  8.0
Shields        | |  3.2

Action                     |  1- 3 |  4- 6 |  7- 9 | 10-12 | 13-15 || total
---------------------------+-------+-------+-------+-------+-------++-------
  Melee: War axe           |    40 |   173 |   356 |   602 |  1053 ||  2224
         Pseudopods        |       |     8 |    63 |    21 |   198 ||   290
         Kick              |       |       |       |       |   274 ||   274
         Eveningstar       |       |       |       |       |     7 ||     7
         Peck              |       |       |       |       |    71 ||    71
  Throw: Dart              |       |       |    11 |     1 |     1 ||    13
  Evoke: Box of beasts     |       |       |       |     1 |       ||     1
         Wand              |       |       |       |       |     7 ||     7
    Use: Scroll            |     1 |     6 |     5 |     9 |     8 ||    29
         Potion            |     1 |       |       |     9 |     9 ||    19
   Stab: Confused          |       |       |     2 |    27 |       ||    29
         Invisible         |       |       |       |     1 |       ||     1
         Sleeping          |       |       |       |     4 |    17 ||    21
         Petrified         |       |       |       |       |    38 ||    38
 Armour: Scale mail        |    29 |   132 |   179 |    23 |       ||   363
         Plate armour      |       |       |       |   194 |       ||   194
         Chain mail        |       |       |       |    37 |       ||    37
         Ring mail         |       |       |       |   173 |   787 ||   960
  Dodge: Dodged            |    20 |   100 |   139 |   316 |  1145 ||  1720
  Block: Buckler           |    12 |    17 |    89 |   380 |   566 ||  1064
         Reflection        |       |       |       |     2 |       ||     2

Table legend: (Time is in decaauts)
 A = Elapsed time spent in this place.
 B = Non-inter-level travel time spent in this place.
 C = Inter-level travel time spent in this place.
 D = Time resting spent in this place.
 E = Time spent auto-exploring this place.
 F = Levels seen in this place.
 G = Mean time per level.
                   A        B        C        D        E       F      G
               +--------+--------+--------+--------+--------+-----+--------+
         Total |  19323 |  18245 |   1078 |   1000 |  12395 |  31 |  623.3 |
       Dungeon |  10838 |  10142 |    696 |    191 |   7701 |  15 |  722.5 |
          Lair |   4762 |   4514 |    248 |    244 |   3081 |   5 |  952.4 |
        Shoals |    416 |    416 |      0 |    128 |    112 |   1 |  416.0 |
    Slime Pits |    346 |    269 |     77 |      0 |    122 |   5 |   69.2 |
  Orcish Mines |   1231 |   1174 |     57 |      5 |    731 |   2 |  615.5 |
         Sewer |    725 |    725 |      0 |      0 |    487 |   1 |  725.0 |
      Ice Cave |    520 |    520 |      0 |    337 |      7 |   1 |  520.0 |
      Gauntlet |    482 |    482 |      0 |     94 |    152 |   1 |  482.0 |
               +--------+--------+--------+--------+--------+-----+--------+

Top non-repeatable levels by time:
  Lair:2: 1099 daAuts
     D:7: 1096 daAuts
  Lair:5: 1037 daAuts
    D:12: 959 daAuts
  Lair:3: 941 daAuts
     D:8: 895 daAuts
  Lair:4: 861 daAuts
  Lair:1: 821 daAuts
     D:6: 821 daAuts
    D:10: 791 daAuts
   Orc:2: 782 daAuts
     D:4: 757 daAuts
     D:2: 754 daAuts
     D:1: 751 daAuts
   Sewer: 725 daAuts
